 Dungeon Crawl Stone Soup version 0.20.1-1-g8b1a95d (webtiles) character file.

369 saradell the Slasher (level 6, -8/38 HPs)
             Began as a Gargoyle Berserker on June 3, 2018.
             Was a Priest of Trog.
             Killed from afar by an orc wizard (12 damage)
             ... with a puff of flame
             ... on level 3 of the Dungeon.
             The game lasted 00:34:20 (2287 turns).

saradell the Slasher (Gargoyle Berserker)           Turns: 2287, Time: 00:34:20

Health: -8/38      AC: 12    Str: 22    XL:     6   Next: 70%
Magic:  6/6        EV: 11    Int:  8    God:    Trog [***...]
Gold:   144        SH:  0    Dex:  9    Spells: 5/5 levels left

rFire    . . .     SeeInvis .   a - +0 falchion
rCold    + . .     Gourm    .   (no shield)
rNeg     + . .     Faith    .   m - +2 ring mail {rC+}
rPois    ∞         Spirit   .   (no helmet)
rElec    +         Reflect  .   (no cloak)
rCorr    .         Harm     .   (no gloves)
MR       .....                  (no boots)
Stlth    ++........             (no amulet)
Regen    0.2/turn               c - ring of stealth
MPRegen  0.1/turn               (no ring)

@: berserk cooldown, slowed, very slow
A: negative energy resistance 1, electricity resistance, unbreathing,
petrification resistance, rot immunity, AC +4
a: Berserk, Trog's Hand, Burn Spellbooks, Renounce Religion


You were on level 3 of the Dungeon.
You worshipped Trog.
Trog was most pleased with you.
You were hungry.

You visited 1 branch of the dungeon, and saw 3 of its levels.

You collected 144 gold pieces.

Inventory:

Hand Weapons
 a - a +0 falchion (weapon)
 e - a +0 hunting sling
Missiles
 j - 13 stones (quivered)
Armour
 b - a +0 animal skin
 m - a +2 ring mail of cold resistance (worn)
 p - a cursed +0 cloak
Jewellery
 c - a ring of stealth (left hand)
Scrolls
 f - a scroll of identify
 g - a scroll of teleportation
 h - a scroll of immolation {unknown}
 k - a scroll of remove curse {unknown}
Potions
 d - a potion of lignification
 i - 2 potions of curing
 q - a potion of might {unknown}


   Skills:
 + Level 4.1 Fighting
 + Level 5.3 Long Blades
 + Level 3.5 Armour
 + Level 2.2 Dodging
 + Level 1.7 Stealth


You had 5 spell levels left.
You didn't know any spells.

Dungeon Overview and Level Annotations

Branches:
Dungeon (3/15)

Altars:
Kikubaaqudgha
Zin


Innate Abilities, Weirdness & Mutations

You are resistant to torment.
Your stone body is resilient. (AC +4)
You are immune to poison.
You resist negative energy. (rN+)
You are resistant to electric shocks. (rElec)
You can survive without breathing.
You are immune to petrification.
You are immune to rotting.


Message History

The orc wizard flickers and vanishes!
The orc cries, "Help!"
Something hits you.
* * * LOW HITPOINT WARNING * * *
An orc wizard appears from thin air!
Reactivating autopickup.
The orc wizard looks braver for a moment.
The orc wizard hits you but does no damage.
Keep equipping yourself?
Uppercase [Y]es or [N]o only, please.
Keep equipping yourself?
You stop putting on your armour.
As you read the scroll of fear, it crumbles to dust.
You assume a fearsome visage.
The orc wizard looks frightened!
The orc wizard mumbles some strange words.
The orc wizard flickers and vanishes!
Deactivating autopickup; reactivate with Ctrl-A.
A puff of flame appears from out of thin air!
The puff of flame hits you!
You die...

#..<.#.#..............#
<.########.#..............#
..+.........†.............## #
..##########............†..# ###
.? #...............## #.. ..
###############..# #.# ..
##.###.#
..#########################..##.#
..))(...........@................
.o##########################.##..
.. #..... .. ########## #..### ..
#.......[# #..... ## #........#
#.#..# #........########'#..#
##....................#
#..................>..#


There were no monsters in sight!

Vanquished Creatures
  An orc warrior (D:3)
  3 vampire bats (D:3)
  A crimson imp (D:3)
  5 adders
  An ooze (D:2)
  2 worms (D:2)
  A dart slug (D:1)
  A leopard gecko (D:2)
  4 orcs (D:3)
  A ball python (D:3)
  4 bat skeletons (D:3)
  2 bat zombies (D:3)
  2 giant cockroaches
  5 goblins
  4 hobgoblins
  6 jackals
  11 bats
  5 frilled lizards
  6 kobolds
  6 rats
71 creatures vanquished.

Notes
Turn   | Place    | Note
-------+----------+-------------------------------------------
     0 | D:1      | saradell the Gargoyle Berserker began the quest for the Orb.
     0 | D:1      | Reached XP level 1. HP: 14/14 MP: 1/1
   145 | D:1      | Reached XP level 2. HP: 17/19 MP: 2/2
   162 | D:1      | Reached skill level 3 in Long Blades
   635 | D:2      | Reached ** piety under Trog
   635 | D:2      | Reached XP level 3. HP: 18/23 MP: 3/3
   989 | D:2      | Reached XP level 4. HP: 28/28 MP: 4/4
  1036 | D:2      | Reached skill level 4 in Long Blades
  1471 | D:2      | Found a glowing silver altar of Zin.
  1858 | D:3      | Found an ancient bone altar of Kikubaaqudgha.
  1870 | D:3      | Reached skill level 1 in Stealth
  1870 | D:3      | Reached XP level 5. HP: 29/33 MP: 5/5
  1950 | D:3      | Reached *** piety under Trog
  2071 | D:3      | Reached XP level 6. HP: 38/38 MP: 6/6
  2196 | D:3      | Noticed an orc warrior
  2209 | D:3      | Reached skill level 5 in Long Blades
  2267 | D:3      | Killed an orc warrior
  2287 | D:3      | Killed from afar by an orc wizard

Skill      XL: |  1  2  3  4  5  6 |
---------------+-------------------+-----
Long Blades    | 3 4 5 |  5.3
Stealth        | 1 |  1.7
Dodging        | 2 |  2.2
Armour         | 3 |  3.5
Fighting       | 4 |  4.1

Action                   |  1- 3 |  4- 6 || total
-------------------------+-------+-------++-------
Melee: Falchion          |    88 |   194 ||   282
  Use: Scroll            |     2 |     4 ||     6
       Potion            |       |     3 ||     3
 Stab: Sleeping          |     1 |     2 ||     3
  Eat: Bread ration      |       |     1 ||     1
Armor: Animal skin       |    35 |       ||    35
       Ring mail         |       |   122 ||   122
Dodge: Dodged            |    63 |   152 ||   215
       Rpst.: Falchion   |    29 |    45 ||    74
